AoeStats
← Flambunctious Ramingo

Arabia

507843392Analyzed
1v1 RM · 13d ago on Sep 19, 2026· 23m 22s· 2 players
Game mode
Random Map
Map size
Tiny (2 player)
Population
200
Speed
Normal
Resources
Standard
Victory
Conquest
Starting age
Dark Age
Ending age
Imperial Age
RankedLock teamsTeams togetherTeam positionsShared explorationLock speedFull tech treeHidden civsTurbo modeCheats
Victory
Defeat
🇺🇾 Hindustanis · Uruguay
640
+19
🇺🇸 Franks · United States
698
-19
Sirio
7:44 Loom
10:11 Feudal Age
10:49 Double-Bit Axe
12:22 Man-at-Arms
15:45 Forging
15:35 Scale Mail Armor
Flambunctious Ramingo
12:00 Feudal Age
15:01 Scale Barding Armor
15:07 Forging
17:19 Wheelbarrow
16:54 Double-Bit Axe
24:25 Castle Age
Connection lost

Rejoining the realm…

Still unreachable

The connection could not be restored.

Session expired

The server has moved on; the page needs a fresh start.